AoeStats
← [NOE] Jupiter

Nomad

508622841Analyzed
2v2 RM · 10d ago on Sep 23, 2026· 25m 1s· 4 players
Game mode
Random Map
Map size
176×176
Population
200
Speed
Normal
Resources
Standard
Victory
Conquest
Starting age
Dark Age
Ending age
Imperial Age
RankedLock teamsTeams togetherTeam positionsShared explorationLock speedFull tech treeHidden civsTurbo modeCheats
Victory
Defeat
🇫🇷 Inca · France
1477
+13
🇫🇷 Danes · France
1444
+14
🇧🇪 Saracens · Belgium
1480
-16
1334
-11
[BSF] Hobbes
9:55 Loom
13:40 Feudal Age
14:18 Double-Bit Axe
15:42 Fletching
17:12 Gold Mining
21:05 Castle Age
19:20 Padded Archer Armor
19:55 Stone Mining
19:51 Fishing Lines
21:12 Crossbowman
21:48 Bodkin Arrow
24:10 Gillnets
Бонпари Кошмарик
5:19 Loom
12:30 Feudal Age
16:26 Castle Age
14:43 Double-Bit Axe
17:18 Scale Barding Armor
17:27 Forging
18:14 Fishing Lines
20:58 Gold Mining
23:05 Fletching
23:36 Chain Barding Armor
23:52 Iron Casting
[NOE] Jupiter
5:06 Loom
12:46 Feudal Age
16:43 Castle Age
15:01 Fishing Lines
16:19 Scale Mail Armor
16:19 Double-Bit Axe
17:18 Gillnets
18:45 Bow Saw
19:19 Horse Collar
19:40 Gambesons
20:51 Chain Mail Armor
21:56 Squires
23:22 Forging
23:20 Arson
[NOE] Lyrendir
5:17 Loom
14:16 Feudal Age
16:07 Wheelbarrow
15:55 Scale Mail Armor
18:02 Castle Age
15:57 Double-Bit Axe
16:05 Stone Mining
19:33 Wheelbarrow
19:17 Bow Saw
21:44 Forging
23:32 Town Watch
Connection lost

Rejoining the realm…

Still unreachable

The connection could not be restored.

Session expired

The server has moved on; the page needs a fresh start.